 Dungeon Crawl Stone Soup version 0.17-a0-1887-g3e50df6 (webtiles) character file.

4139 mcbry74 the Thaumaturge (level 10, -4/50 HPs)
             Began as a Deep Elf Conjurer on Sept 23, 2015.
             Was an Elder of Sif Muna.
             Slain by ololoev's ghost (22 damage)
             ... on level 9 of the Dungeon.
             The game lasted 01:20:07 (12301 turns).

mcbry74 the Thaumaturge (Deep Elf Conjurer)        Turns: 12301, Time: 01:20:08

Health: -4/50      AC:  8    Str:  5    XL:     10   Next: 7%
Magic:  17/28      EV: 15    Int: 24    God:    Sif Muna [****..]
Gold:   530        SH:  0    Dex: 15    Spells: 9 memorised, 5 levels left

rFire  . . .     SeeInvis .     M - staff of poison
rCold  + + .     Clarity  .     U - +1 robe {rC+}
rNeg   . . .     SustAt   .     (no shield)
rPois  +         Gourm    .     (no helmet)
rElec  .         Spirit   .     E - +0 cloak
rCorr  .         Warding  .     Q - +1 pair of gloves
rMut   .         Stasis   +     v - +1 pair of boots
MR     +....                    R - amulet of stasis
Stlth  +++.......               h - ring of protection from cold
                                W - ring of flight

@: somewhat resistant to hostile enchantments, fairly stealthy
A: no striking features
a: Channel Energy, Forget Spell, Renounce Religion, Evoke Flight


You were on level 9 of the Dungeon.
You worshipped Sif Muna.
Sif Muna was greatly pleased with you.
You were not hungry.

You visited 2 branches of the dungeon, and saw 10 of its levels.

You collected 530 gold pieces.

Inventory:

Hand weapons
 a - a +0 lajatang of speed
 f - a +0 dagger
 y - a +1 blowgun
 L - a +0 dagger of electrocution
 T - a +1 dagger of distortion
Missiles
 k - 5 needles of confusion
 u - 81 poisoned needles
 J - 8 curare-tipped needles
Armour
 v - a +1 pair of boots (worn)
 E - a +0 cloak (worn)
 Q - a +1 pair of gloves (worn)
 U - a +1 robe of cold resistance (worn)
Magical staves
 M - an uncursed staff of poison (weapon)
Jewellery
 d - an uncursed ring of ice
 h - a ring of protection from cold (right hand)
 D - a cursed ring of loudness {unknown}
 G - a cursed ring of teleportation
 R - an amulet of stasis (around neck)
 W - a ring of flight (left hand)
Scrolls
 e - 3 scrolls of fog
 g - a scroll of immolation {unknown}
 i - a scroll of enchant weapon
 l - a scroll of random uselessness
 m - 2 scrolls of magic mapping
 o - 4 scrolls of enchant armour
 p - 2 scrolls of recharging
 q - a scroll of remove curse
 C - a scroll of blinking
 H - 4 scrolls of identify
 N - 4 scrolls of teleportation
Potions
 j - a potion of heal wounds {unknown}
 r - a potion of cancellation {unknown}
 s - a potion of cure mutation {unknown}
 w - a potion of might {unknown}
 x - a potion of lignification {unknown}
 z - a potion of magic {unknown}
 A - 2 potions of poison {unknown}
 B - 3 potions of curing
 K - 3 potions of flight {unknown}
 O - a potion of mutation {unknown}
 S - a potion of berserk rage {unknown}
 V - a potion of brilliance {unknown}
Books
 b - a book of Conjurations

   Spells                             Type                      Level
   a - Magic Dart                     Conjuration                  1
   b - Searing Ray                    Conjuration                  2
   c - Dazzling Spray                 Conjuration/Hexes            3
   d - Fulminant Prism                Conjuration/Hexes            4
   e - Iskenderun's Mystic Blast      Conjuration                  4
   f - Iskenderun's Battlesphere      Conjuration/Charms           5
 I - a book of Spatial Translocations

   Spells                             Type                      Level
   a - Apportation                    Translocation                1
   b - Blink                          Translocation                2
   c - Shroud of Golubria             Charms/Translocation         2
   d - Portal Projectile              Translocation                3
   e - Teleport Other                 Translocation                3
   f - Passage of Golubria            Translocation                4
Comestibles
 c - 6 bread rations
 n - 2 beef jerkies
 t - a royal jelly
 F - a meat ration
 P - a slice of pizza


   Skills:
 - Level 0.2 Fighting
 * Level 1.7 Staves
 + Level 6.2 Dodging
 + Level 5.5 Stealth
 + Level 12.1 Spellcasting
 + Level 10.7 Conjurations
 + Level 2.0 Hexes


You had 5 spell levels left.
You knew the following spells:

 Your Spells              Type           Power        Failure   Level  Hunger
a - Magic Dart            Conj           ####         1%          1    None
b - Searing Ray           Conj           ######       1%          2    None
c - Dazzling Spray        Conj/Hex       #####...     1%          3    None
d - Blink                 Tloc           N/A          8%          2    None
e - Iskenderun's Mystic   Conj           ######..     1%          4    None
f - Fulminant Prism       Conj/Hex       #####.....   3%          4    None
g - Iskenderun's Battles  Conj/Chrm      #####...     17%         5    ###....
h - Teleport Other        Tloc           ##......     14%         3    None
i - Passage of Golubria   Tloc           N/A          41%         4    None


Dungeon Overview and Level Annotations

Branches:
Dungeon (9/15)             Temple (1/1) D:4
   Lair: D:8-11         Orc: D:9-12

Altars:
Ashenzari
Cheibriados
Dithmenos
Elyvilon
Fedhas
Gozag
Kikubaaqudgha
Makhleb
Nemelex Xobeh
Okawaru
Qazlal
Ru
Sif Muna
Trog
Vehumet
Xom
Yredelemnul
Zin
The Shining One

Annotations:
D:9 ololoev's ghost, experienced MiBe


Message History

Ololoev's ghost is moderately damaged.
The adder bites you but does no damage. Ololoev's ghost barely misses you.
The adder closely misses you.
The searing ray misses ololoev's ghost.
Ololoev's ghost completely misses you. The adder bites you.
The searing ray hits ololoev's ghost.
Ololoev's ghost is moderately damaged.
The adder barely misses you. Ololoev's ghost completely misses you.
The searing ray hits ololoev's ghost.
Ololoev's ghost is heavily damaged.
The adder barely misses you. Ololoev's ghost hits you!
Casting: Searing Ray
Confirm with . or Enter, or press ? or * to list all spells.
Aiming: Searing Ray
Press: ? - help, Shift-Dir - straight line, f/p - ololoev's ghost
Aim: ololoev's ghost, wielding a vorpal weapon (moderately damaged)
The searing ray hits ololoev's ghost.
Ololoev's ghost is heavily damaged.
The adder misses you. Ololoev's ghost hits you!!
You die...

##......#
##.......#
#........##
..........# ##.
..........#....
............#
..........#
......S@.#
....(..W##
.....#### ####


You could see ololoev's ghost and an adder.

Vanquished Creatures
  Psyche (D:8)
  A spriggan (D:7)
  2 hippogriffs (D:7)
  Menkaure (D:6)
  5 orc warriors
  An ice beast (D:8)
  3 centaurs
  A phantom (D:7)
  6 ogres
  3 big kobolds
  4 giant frogs
  A gnoll sergeant (D:7)
  2 scorpions
  2 crimson imps
  2 jellies
  A centaur skeleton (D:5)
  2 orc priests (D:8)
  6 hounds
  A giant frog skeleton (D:5)
  Terence (D:2)
  A gnoll shaman (D:7)
  4 iguanas
  5 worker ants
  8 orc wizards
  A worker ant zombie (D:7)
  11 adders
  7 gnolls
  2 oozes (D:3)
  An adder skeleton (D:4)
  A worm (D:4)
  4 giant geckos
  24 orcs
  5 giant cockroaches
  9 goblins
  10 hobgoblins
  6 quokkas
  5 ball pythons
  A ball python skeleton (D:3)
  7 bats
  A giant cockroach zombie (D:5)
  A giant gecko skeleton (D:8)
  9 giant newts
  10 jackals
  A jackal skeleton (D:5)
  30 kobolds
  17 rats
227 creatures vanquished.

Vanquished Creatures (others)
  7 fulminant prisms
  2 plants (D:7)
9 creatures vanquished.

Grand Total: 236 creatures vanquished

Notes
Turn   | Place    | Note
--------------------------------------------------------------
     0 | D:1      | mcbry74 the Deep Elf Conjurer began the quest for the Orb.
     0 | D:1      | Reached XP level 1. HP: 10/10 MP: 6/6
    92 | D:1      | Found a sparkling altar of Nemelex Xobeh.
   307 | D:1      | Reached XP level 2. HP: 15/15 MP: 4/8
   311 | D:1      | Learned a level 2 spell: Searing Ray
   397 | D:1      | Reached skill level 5 in Conjurations
   798 | D:2      | Reached XP level 3. HP: 19/19 MP: 6/9
   803 | D:2      | Learned a level 3 spell: Dazzling Spray
   979 | D:2      | Noticed Terence
   986 | D:2      | Killed Terence
   986 | D:2      | Reached XP level 4. HP: 24/24 MP: 3/11
  2006 | D:3      | Reached skill level 6 in Conjurations
  2927 | D:4      | Reached XP level 5. HP: 28/28 MP: 9/13
  2986 | D:4      | Found a staircase to the Ecumenical Temple.
  2995 | Temple   | Entered the Ecumenical Temple
  3024 | Temple   | Became a worshipper of Sif Muna the Loreminder
  3655 | D:4      | Reached skill level 5 in Spellcasting
  3655 | D:4      | Reached XP level 6. HP: 32/32 MP: 9/15
  3764 | D:4      | Learned a level 2 spell: Blink
  3769 | D:4      | Learned a level 4 spell: Iskenderun's Mystic Blast
  3876 | D:4      | HP: 1/32 [poisoned by a worker ant]
  4288 | D:4      | Reached skill level 7 in Conjurations
  4471 | D:5      | Entered Level 5 of the Dungeon
  5130 | D:5      | Reached XP level 7. HP: 31/36 MP: 13/18
  5132 | D:5      | Acquired Sif Muna's first power
  5392 | D:5      | Found an ancient bone altar of Kikubaaqudgha.
  5395 | D:5      | Found a basalt altar of Yredelemnul.
  5398 | D:5      | Found a sparkling altar of Nemelex Xobeh.
  5401 | D:5      | Found a shimmering altar of Xom.
  5787 | D:6      | Noticed Menkaure
  5793 | D:6      | Killed Menkaure
  5889 | D:6      | Found a shimmering altar of Xom.
  6020 | D:6      | Reached skill level 8 in Conjurations
  6248 | D:6      | Reached XP level 8. HP: 36/41 MP: 13/21
  6257 | D:6      | Learned a level 4 spell: Fulminant Prism
  6263 | D:6      | Learned a level 5 spell: Iskenderun's Battlesphere
  7087 | D:7      | Acquired Sif Muna's second power
  7251 | D:7      | Reached skill level 9 in Spellcasting
  7282 | D:7      | Reached skill level 1 in Hexes
  7775 | D:7      | Reached skill level 10 in Spellcasting
  8013 | D:7      | Reached XP level 9. HP: 45/45 MP: 5/25
  8055 | D:7      | Reached skill level 5 in Stealth
  8950 | D:7      | Reached skill level 11 in Spellcasting
  9706 | D:7      | Reached skill level 10 in Conjurations
  9760 | D:7      | Reached skill level 5 in Dodging
 10439 | D:8      | Noticed Psyche
 10440 | D:8      | Acquired Sif Muna's third power
 10448 | D:8      | Killed Psyche
 10717 | D:8      | Identified a scroll of acquirement
 11085 | D:8      | Reached skill level 1 in Staves
 11204 | D:8      | Reached skill level 12 in Spellcasting
 11496 | D:8      | Reached XP level 10. HP: 38/50 MP: 19/28
 11567 | D:8      | Found a snail-covered altar of Cheibriados.
 11569 | D:8      | Found a radiant altar of Vehumet.
 11683 | D:8      | Learned a level 3 spell: Teleport Other
 11688 | D:8      | Learned a level 4 spell: Passage of Golubria
 12006 | D:9      | Noticed ololoev's ghost (experienced MiBe)
 12301 | D:9      | Slain by ololoev's ghost

Vault maps used:
D:1:      dpeg_arrival_snail, nemelex_xobeh_ov_fountains_minmay
D:2:      uniq_terence
D:3:      wad_river_or_something
D:4:      minmay_temple_entry_butterflies, first_bread
D:5:      grunt_temple_overflow_cloverleaf
D:6:      basic_altar, uniq_menkaure
D:7:      kennysheep_housing_project, the_bakery
D:8:      gammafunk_temple_overflow_pools, uniq_psyche
D:9:      lair_0_dummy, minmay_orc_keep
Temple:   circular_temple_13

Action                   |  1- 3 |  4- 6 |  7- 9 | 10-12 || total
-------------------------+-------+-------+-------+-------++-------
Melee: Dagger            |     5 |     9 |     7 |       ||    21
       Staff             |       |       |    11 |       ||    11
 Cast: Magic Dart        |    57 |   109 |   124 |     5 ||   295
       Searing Ray       |       |    22 |    67 |     7 ||    96
       Iskenderun's Myst |       |     1 |     1 |       ||     2
       Blink             |       |     1 |       |       ||     1
       Fulminant Prism   |       |       |     7 |       ||     7
  Use: Scroll            |       |     2 |    11 |       ||    13
       Potion            |       |     2 |       |       ||     2
  Eat: Chunk             |       |     2 |     9 |       ||    11
       Bread ration      |       |     2 |     2 |       ||     4
       Beef jerky        |       |     1 |     2 |       ||     3
       Fruit             |       |       |     2 |       ||     2
       Pizza             |       |       |     1 |       ||     1
